[Event "Early-Titled-Tuesday-Blitz-May-07-2024"]
[Site "Chess.com"]
[Date "2024.05.07"]
[Round "1"]
[White "Rodalquilar"]
[Black "MarijaKuznecova"]
[Result "1-0"]
[WhiteElo "2735"]
[BlackElo "2419"]
[TimeControl "180+1"]
[EndTime "8:07:53 PDT"]
[Termination "Rodalquilar won by resignation"]

1. d4 Nf6 2. Nf3 c5 3. c3 d5 4. Bf4 e6 5. e3 Bd6 6. Bb5+ Nc6 7. Bg3 O-O 8. Nbd2 a6 9. Bxc6 bxc6 10. Qa4 Bb7 11. Bxd6 Qxd6 12. Qa3 Nd7 13. Nb3 a5 14.
Nxc5 Nxc5 15. Qxc5 Qc7 16. O-O Ba6 17. Rfc1 Rfb8 18.
b3 a4 19. Ne5 axb3 20. axb3 Rxb3 21. Qxc6 Qxc6 22. Nxc6 Bb7 23. Rxa8+ Bxa8 24. Nb4 Kf8 25. Kf1 Ke7 26. Ke2 Kd6 27. Kd2 Rb2+ 28. Rc2 Rb1 29.
Ra2 Bb7 30. Nd3 Bc6 31. Ra6 Kc7 32. Ra7+ Kd6 33. Rxf7 Bb5 34. Nc5 Rb2+ 35. Kc1 Re2 36. Kd1 Rb2 37. h4 Be8 38. Rxg7 Rxf2 39. g4 Rg2 40. g5 Bh5+ 41. Kc1 Bg6 42. Rd7+ Kc6 43.
Re7 Rc2+ 44. Kd1 Rxc3 45. Kd2 Rc2+ 46. Kd1 Rh2 47. Rxe6+ Kb5 48. Re5 Kc4 49. Ne6 Rxh4 50. Nf4 Be4 51. Re7 Rh2 52. Rc7+ Kb3 53. Rc5 Rh1+ 54. Ke2 Rh2+ 55. Kf1 Bf3 56. Nxd5 Bxd5 57. Rxd5 Kc4 58. Re5 Rd2 59. Re7 Kd3 60. d5 Kc4 61. e4 Kc5 1-0

[Event "Early-Titled-Tuesday-Blitz-May-07-2024"]
[Site "Chess.com"]
[Date "2024.05.07"]
[Round "1"]
[White "viktorskliarov"]
[Black "rhwr"]
[Result "1-0"]
[WhiteElo "2621"]
[BlackElo "2306"]
[TimeControl "180+1"]
[EndTime "8:07:53 PDT"]
[Termination "viktorskliarov won by resignation"]

1. e4 c5 2. Nf3 d6 3. d4 cxd4 4. Qxd4 e5 5. Qe3 Nf6 6. Nc3 Be7 7. Bc4 O-O 8. h3 a6 9. a4 Nc6 10. O-O Qc7 11. Rd1 Na5 12. Ba2 Rb8 13. Qe2 h6 14.
Nh4 Nc6 15. Ng6 Re8 16. Nxe7+ Qxe7 17. Be3 Be6 18. Nd5 Bxd5 19. Bxd5 Nxd5 20. Rxd5 Nb4 21.
Rd2 Rbc8 22. c3 Nc6 23. Rad1 Red8 24. Bb6 Rd7 25. Rd5 Qe6 26. Qd3 Qg6 27. f3 Ne7 28.
Rxd6 Rxd6 29. Qxd6 Rc6 30. Qxg6 Nxg6 31. a5 Nf4 32.
Rd8+ Kh7 33. Rd7 Kg6 34. Kf2 Kf6 35. Be3 Ne6 36. Rxb7 Rc4 37. Rb6 Ra4 38. Rxa6 Ra2 39. Bc1 Ke7 40. Ra7+ Kf6 41. Kg3 g5 42. h4 Ng7 43.
hxg5+ hxg5 44. a6 Ne6 45. b4 Rc2 46. Be3 Rxc3 47. Bf2 Nf4 48. Rb7 Ra3 49. a7 Ra2 50. Rb8 Ne2+ 51. Kg4 Nf4 52. a8=Q Rxf2 53. Rb6+ Kg7 54.
g3 Ne6 55. Rxe6 fxe6 56. Qa7+ 1-0

[Event "Early-Titled-Tuesday-Blitz-May-07-2024"]
[Site "Chess.com"]
[Date "2024.05.07"]
[Round "1"]
[White "vjkarious"]
[Black "Legendinunknown"]
[Result "0-1"]
[WhiteElo "2468"]
[BlackElo "2826"]
[TimeControl "180+1"]
[EndTime "8:07:56 PDT"]
[Termination "Legendinunknown won by resignation"]

1. Nf3 Nf6 2. c4 e6 3. e3 d5 4.
d4 Bd6 5. Bd3 O-O 6. Nbd2 c5 7.
dxc5 Bxc5 8. O-O Nc6 9. a3 dxc4 10.
Nxc4 b5 11. Nce5 Nxe5 12. Nxe5 a6 13. b4 Bd6 14. Bb2 Bb7 15. Qe2 Qe7 16. Rac1 Rac8 17.
Rfd1 h6 18. Bd4 Rfd8 19. Qb2 Ne8 20. Be2 Rxc1 21. Rxc1 Qg5 22. Nf3 Qg6 23. Bb6 Rc8 24. Rxc8 Bxc8 25. Qc1 Bb7 26. Bc5 Qe4 27. Bxd6 Nxd6 28.
Bf1 Qd5 29. Qc7 g5 30. Nd4 Kg7 31. Qd7 h5 32. h3 h4 33. Qe7 Ba8 34. Nf3 Ne4 35.
Nd4 Nd2 36. f3 Qe5 37. Kf2 Bd5 38. Ne2 Nxf1 39. Kxf1 Qxe3 40. Qc5 Qxc5 41. bxc5 Kf6 42. Kf2 Ke5 43. Ke3 Bc4 44. Nd4 Kd5 45. c6 Kd6 46.
Ke4 Bd5+ 47. Ke3 Bxc6 48. f4 gxf4+ 49. Kxf4 Bxg2 50. Kg4 f5+ 51. Kxh4 Ke5 52. Nc2 f4 53. Kg4 Ke4 54. Ne1 Bf1 55. h4 e5 56. h5 Be2+ 57. Kh4 Bxh5 58. Kxh5 f3 0-1

[Event "Early-Titled-Tuesday-Blitz-May-07-2024"]
[Site "Chess.com"]
[Date "2024.05.07"]
[Round "1"]
[White "Escudito"]
[Black "TitarovVasiliYouTube"]
[Result "0-1"]
[WhiteElo "2341"]
[BlackElo "2638"]
[TimeControl "180+1"]
[EndTime "8:07:56 PDT"]
[Termination "TitarovVasiliYouTube won by resignation"]

1. d4 d6 2. e4 e5 3. Nf3 Nd7 4. Bc4 Be7 5. dxe5 Nxe5 6. Nxe5 dxe5 7. Qh5 g6 8. Qxe5 Nf6 9. Bh6 Rg8 10. Nc3 Ng4 11.
Qf4 Nxh6 12. Qxh6 Qd4 13. Qxh7 Rf8 14. Bb3 Bg4 15. O-O O-O-O 16. Nd5 Bg5 17. h3 Be6 18. Rad1 Qxe4 19. Nc3 Qe5 20. Bxe6+ Qxe6 21. Rxd8+ Rxd8 22. Qg7 Bf6 23. Qh6 Bxc3 24. bxc3 Qxa2 25. Qf4 Qe6 26. Qa4 a6 27. Rb1 Rd2 28. Qb4 b6 29. Qf4 Rxc2 30.
Rd1 Rxc3 31. Qh4 Kb7 32. Qh8 Rc5 33. Rd8 Qe1+ 34. Kh2 Qe5+ 35. Qxe5 Rxe5 36. Rd7 Rf5 37. Rd4 Rxf2 38. Kg3 Rf5 39. h4 a5 40. Kh3 a4 41.
g4 Ra5 42. Rd2 a3 43. Ra2 b5 44. h5 gxh5 45. gxh5 b4 46. Kg4 b3 47. Ra1 b2 48.
Rb1 a2 49. Rxb2+ Kc8 50. h6 a1=Q 51. Rg2 Qd1+ 0-1

[Event "Early-Titled-Tuesday-Blitz-May-07-2024"]
[Site "Chess.com"]
[Date "2024.05.07"]
[Round "1"]
[White "Groetzi"]
[Black "BashirovKemal"]
[Result "1-0"]
[WhiteElo "2416"]
[BlackElo "2681"]
[TimeControl "180+1"]
[EndTime "8:07:57 PDT"]
[Termination "Groetzi won on time"]

1. e4 c5 2. Nf3 d6 3. d4 cxd4 4. Nxd4 Nf6 5. f3 Nc6 6. c4 e5 7. Nb5 Be6 8. Bg5 a6 9. N5c3 Be7 10. Na3 O-O 11. Bxf6 Bxf6 12. Nc2 Nd4 13. Be2 Rc8 14. Ne3 b5 15. cxb5 axb5 16. Ned5 Bxd5 17. Nxd5 Nc2+ 18. Kf2 Nxa1 19. Qxa1 Bg5 20. h4 Bh6 21. Bxb5 f5 22. exf5 Rxf5 23. b3 e4 24. Bc4 Kh8 25. Qb1 Qe8 26. Re1 e3+ 27. Nxe3 Bxe3+ 28. Rxe3 Re5 29. Rxe5 Qxe5 30. Qe4 Qb2+ 31. Kg3 Qf6 32. a4 h6 33. a5 Rc5 34. Bd3 g6 35. a6 Re5 36.
Qa8+ Kh7 37. Qb7+ Re7 38. Qd5 Re5 39. Qb7+ Re7 40. Qc8 Qe5+ 41. Kh3 Qe3 42. Be4 Qf4 43. Qd8 Rf7 44. Bd5 Qf5+ 45. Kh2 Qxd5 46. Qe8 Qe5+ 47. Qxe5 dxe5 48. b4 Rf4 49. a7 Rf8 50. b5 Ra8 51. b6 1-0

[Event "Early-Titled-Tuesday-Blitz-May-07-2024"]
[Site "Chess.com"]
[Date "2024.05.07"]
[Round "1"]
[White "Aleksandar-Topalov"]
[Black "NikitaShnadrygin"]
[Result "0-1"]
[WhiteElo "2391"]
[BlackElo "2692"]
[TimeControl "180+1"]
[EndTime "8:07:57 PDT"]
[Termination "NikitaShnadrygin won on time"]

1. b3 d5 2. Bb2 c5 3. e3 a6 4. f4 Nc6 5. Nf3 d4 6. exd4 cxd4 7. g3 g6 8. Bg2 Bg7 9. O-O e6 10. c4 Nge7 11. a3 O-O 12. Re1 a5 13. Kh1 Rb8 14. a4 Nb4 15. Ba3 Nec6 16. Bxb4 Nxb4 17.
d3 Qb6 18. Na3 Bd7 19. Nc2 Nc6 20. Rb1 Rbd8 21. Qd2 Rfe8 22. Ng5 Bf8 23. Ne4 Be7 24. Qf2 Kg7 25. Ng5 Nb4 26. Nxb4 Bxb4 27. Re2 f6 28. Nf3 Bc6 29. Nh4 Bc3 30. g4 Qc5 31. Nf3 Re7 32. g5 fxg5 33. Nxg5 Qf5 34. Qg3 Bxg2+ 35. Kxg2 Rf8 36.
Rf1 e5 37. Re4 Bd2 38. Nh3 Rff7 39. Rf3 exf4 40. Nxf4 Rxe4 41. dxe4 Qxe4 42. Nh5+ Kh6 43. Nf6 Rxf6 44. Qh3+ Kg7 45. Qd7+ Kh6 46. Qh3+ Kg5 47.
Qd7 Qxf3+ 0-1

[Event "Early-Titled-Tuesday-Blitz-May-07-2024"]
[Site "Chess.com"]
[Date "2024.05.07"]
[Round "1"]
[White "TrompeterImEther"]
[Black "jamengrand"]
[Result "1-0"]
[WhiteElo "2575"]
[BlackElo "2180"]
[TimeControl "180+1"]
[EndTime "8:07:57 PDT"]
[Termination "TrompeterImEther won on time"]

1. e4 e5 2. Nf3 Nc6 3. Bb5 a6 4.
Ba4 Nf6 5. O-O Be7 6. d3 b5 7. Bb3 d6 8. c3 O-O 9. a4 Rb8 10. Re1 Be6 11. Bxe6 fxe6 12. axb5 axb5 13. b4 Qd7 14.
Nbd2 Nd8 15. Nf1 Nf7 16. Ng3 c5 17. Qb3 Kh8 18. Be3 Rfc8 19. Ra6 c4 20. dxc4 Rxc4 21. Nd2 Rcc8 22. f3 Nd8 23. Ra7 Rc7 24. Rea1 Rbc8 25. Ne2 d5 26. Rxc7 Qxc7 27. Ra7 Nb7 28. Qb1 Qc6 29. Qa1 Bf8 30. Ra6 Qd7 31. Rb6 dxe4 32. Nxe4 Nxe4 33. fxe4 Qd3 34. Kf2 Nd6 35. Ng3 Rxc3 36.
Qe1 Rc2+ 37. Kg1 Nxe4 38. Rb8 Kg8 39. Nxe4 Re2 40. Rxf8+ Kxf8 41. Bc5+ Ke8 42. Nd6+ Kd7 43. Qa1 Ke7 44. Ne4+ Kf7 45. Ng5+ Kg6 46. Nf3 Rc2 47. Nxe5+ 1-0

[Event "Early-Titled-Tuesday-Blitz-May-07-2024"]
[Site "Chess.com"]
[Date "2024.05.07"]
[Round "1"]
[White "svilson23"]
[Black "TimGrutter03"]
[Result "0-1"]
[WhiteElo "2265"]
[BlackElo "2605"]
[TimeControl "180+1"]
[EndTime "8:07:58 PDT"]
[Termination "TimGrutter03 won on time"]

1. d4 d5 2. Bg5 h6 3. Bh4 g6 4. e3 Bg7 5. Bd3 c5 6. c3 Nc6 7.
Ne2 Nf6 8. O-O cxd4 9. exd4 O-O 10. Nd2 Bg4 11. h3 Bd7 12. Re1 a6 13. a4 Rc8 14.
Bg3 Na5 15. Be5 Nc4 16. Nxc4 dxc4 17. Bc2 Bc6 18. Ng3 Qd5 19. f3 Qd7 20. Qd2 Rfd8 21. a5 Qd5 22. Qc1 h5 23. Ne4 Qd7 24. Nc5 Qe8 25. Re2 Bd5 26. Qe1 Qf8 27. Qh4 Nd7 28.
Bxg7 Kxg7 29. Rxe7 Nxc5 30. dxc5 Be6 31. Rxb7 Qxc5+ 32. Kh1 Rd2 33. Be4 Rcd8 34. Re1 Rxb2 35. Rxb2 Qxa5 36. Rc2 Qc5 37. Qf2 Qc7 38. Rd2 Rb8 39.
Qd4+ Kg8 40. Bxg6 Qg3 41. Be4 a5 42. Qf2 Qg7 43. f4 Qxc3 44. f5 Bc8 45. Bf3 Qf6 46.
Qg3+ Kh7 47. Re8 Bxf5 0-1

[Event "Early-Titled-Tuesday-Blitz-May-07-2024"]
[Site "Chess.com"]
[Date "2024.05.07"]
[Round "1"]
[White "chess_sharparchitect"]
[Black "Unkreativ3"]
[Result "0-1"]
[WhiteElo "2264"]
[BlackElo "2603"]
[TimeControl "180+1"]
[EndTime "8:07:59 PDT"]
[Termination "Unkreativ3 won by resignation"]

1. c4 Nf6 2. Nc3 g6 3. d4 Bg7 4. e4 d6 5. h3 O-O 6. Be3 e5 7. d5 a5 8. Nge2 Nfd7 9. g4 Nc5 10.
Ng3 Kh8 11. Qd2 f5 12. gxf5 gxf5 13. exf5 Bxf5 14. Nxf5 Rxf5 15. Bxc5 dxc5 16. Bd3 Rf4 17.
Ne4 Nd7 18. O-O-O Qh4 19. Qe2 Raf8 20. Kb1 b6 21. Rdg1 Nf6 22. Nxf6 R4xf6 23. Qg4 Qh6 24.
Rh2 e4 25. Qxe4 Rxf2 26. Rxf2 Rxf2 27. Qe8+ Rf8 28. Qe4 a4 29. a3 Rf2 30. Qe8+ Rf8 31. Qe4 Qh5 32. Ka2 Rf2 33. Bc2 Rf8 34. d6 cxd6 35. Qe7 Qh6 36. Qe4 Rg8 37. Qe7 Be5 38. Rxg8+ Kxg8 39. Qe8+ Kg7 40. Qe7+ Kg8 41. Qe8+ Qf8 42. Qe6+ Kg7 43. Qg4+ Kh8 44. Qd7 Qg8 45. Qe6 Qxe6 0-1

[Event "Early-Titled-Tuesday-Blitz-May-07-2024"]
[Site "Chess.com"]
[Date "2024.05.07"]
[Round "1"]
[White "szachmistrz2500"]
[Black "ilqar_74"]
[Result "0-1"]
[WhiteElo "2474"]
[BlackElo "2844"]
[TimeControl "180+1"]
[EndTime "8:08:00 PDT"]
[Termination "ilqar_74 won on time"]

1. d4 Nf6 2. c4 g6 3. Nc3 Bg7 4. e4 d6 5. Nf3 O-O 6. Be2 e5 7. O-O Nc6 8. d5 Ne7 9. Ne1 Ne8 10. f3 f5 11. Be3 f4 12. Bf2 g5 13. c5 Nf6 14. a4 h5 15. a5 g4 16. cxd6 cxd6 17. Nb5 a6 18. Bb6 Qd7 19. Nc7 Rb8 20. Ne6 g3 21.
Rc1 Rf7 22. Rc7 Qe8 23. Nd3 Ng6 24. Qb3 Nh4 25. Rfc1 gxh2+ 26. Kh1 Rxc7 27. Rxc7 Bh6 28. Qc4 Bd7 29. Qb4 Bxe6 30. dxe6 Bf8 31. Qc4 Be7 32. Bf1 Kh8 33. Nb4 Ng6 34. Ba7 Ra8 35. Rxb7 h4 36. Bf2 Rc8 37. Rc7 Rxc7 38. Qxc7 Qa4 39. Nd3 Qd1 40.
Qc1 Qb3 41. Kxh2 Nh5 42. Ne1 Ng3 43. Bxa6 Qb4 44. Bf1 Qxa5 45. Kg1 Qb4 46. Nd3 Qb3 47. Qc3 Qxe6 48. Qc7 h3 49. gxh3 Nh4 50. Bxg3 fxg3 0-1

[Event "Early-Titled-Tuesday-Blitz-May-07-2024"]
[Site "Chess.com"]
[Date "2024.05.07"]
[Round "1"]
[White "OhanyanEminChess"]
[Black "Yerlan-Ra"]
[Result "0-1"]
[WhiteElo "2813"]
[BlackElo "2493"]
[TimeControl "180+1"]
[EndTime "8:08:00 PDT"]
[Termination "Yerlan-Ra won on time"]

1. e4 e5 2. Nc3 Bc5 3. f4 d6 4.
Nf3 Nc6 5. Bb5 Ne7 6. fxe5 dxe5 7. Nxe5 Qd4 8. Nd3 Bb6 9. Qf3 O-O 10. Ne2 Qd6 11. Qg3 Qe6 12. Bxc6 Nxc6 13. Ndf4 Qxe4 14. c3 Bf5 15. d4 Bxd4 16. cxd4 Nxd4 17. Be3 Nc2+ 18.
Kf2 Rfe8 19. Bd2 Nxa1 20. Rxa1 Rad8 21. Bc3 Bg6 22. h4 h5 23. Re1 b5 24. a3 c5 25. Ng1 Qc2+ 26. Re2 Qb1 27. Rxe8+ Rxe8 28. Nxg6 fxg6 29. Qf3 b4 30. axb4 cxb4 31. Qd5+ Kh7 32. Bxb4 Qxb2+ 33. Qd2 Qxd2+ 34. Bxd2 Rd8 35. Nf3 Rd5 36.
Ng5+ Kg8 37. Ke3 a5 38. Ne4 a4 39. Bb4 Rb5 40. Bc3 a3 41. Kd3 a2 42. Kc2 Rb1 43. Kd3 Kf7 44. Nd6+ Ke6 45. Ne4 Kf5 46. Ng5 Kg4 47. Ne6 Kxh4 48. Nf8 Kg3 49. Nxg6 Kxg2 50.
Nf4+ Kf3 51. Nxh5 g5 52. Ng7 g4 53. Nf5 g3 54. Nd4+ Kf2 55. Nc2 g2 56. Bd4+ Kf3 57. Kc3 a1=Q+ 58. Nxa1 Rxa1 0-1

[Event "Early-Titled-Tuesday-Blitz-May-07-2024"]
[Site "Chess.com"]
[Date "2024.05.07"]
[Round "1"]
[White "chess_blitz00"]
[Black "Chesmc"]
[Result "1-0"]
[WhiteElo "2560"]
[BlackElo "2085"]
[TimeControl "180+1"]
[EndTime "8:08:00 PDT"]
[Termination "chess_blitz00 won by checkmate"]

1. Nf3 d5 2. c4 c6 3. b3 Nf6 4. g3 Bf5 5. Bg2 e6 6. O-O Bd6 7. Bb2 Nbd7 8. d3 h6 9. Re1 Bh7 10. Nc3 O-O 11. e4 dxe4 12. dxe4 Ne5 13. Qe2 Nxf3+ 14. Bxf3 e5 15. Red1 Qe7 16. Rd3 Rad8 17. Rad1 Bc7 18. Na4 Rxd3 19. Rxd3 Rd8 20. c5 Rxd3 21.
Qxd3 Qd7 22. Qxd7 Nxd7 23. b4 f6 24. Bg4 Nf8 25. f3 b6 26. Bc8 Bg6 27. Bc3 Be8 28.
Bb7 Ne6 29. Bc8 Kf7 30. Kf2 Ke7 31. Bb7 Kd7 32. Bd2 Nd8 33. Ba6 b5 34. Nc3 Ne6 35. Be3 Bb8 36. a4 bxa4 37. Nxa4 Bc7 38. Bc4 Bf7 39. Nc3 Be8 40. b5 cxb5 41. Bxb5+ Kd8 42. c6 Bd6 43. Bxa7 Nd4 44. Bxd4 exd4 45. Nd5 Bf7 46. Ke2 h5 47. Kd3 Be5 48. f4 Bb8 49. Kxd4 Ba7+ 50.
Kc4 h4 51. gxh4 Bg6 52. c7+ Kc8 53. Ba6+ Kd7 54. c8=Q+ Kd6 55. Qc7+ Ke6 56. Qe7# 1-0

[Event "Early-Titled-Tuesday-Blitz-May-07-2024"]
[Site "Chess.com"]
[Date "2024.05.07"]
[Round "1"]
[White "betta2004"]
[Black "mitrabhaa"]
[Result "0-1"]
[WhiteElo "2518"]
[BlackElo "2939"]
[TimeControl "180+1"]
[EndTime "8:08:01 PDT"]
[Termination "mitrabhaa won by resignation"]

1. e4 c6 2. d4 d5 3. e5 Bf5 4.
Nc3 e6 5. g4 Bg6 6. Nge2 c5 7.
h4 h5 8. Nf4 Bh7 9. Nxh5 Nc6 10.
dxc5 Nxe5 11. Bb5+ Nc6 12. Bg5 Nf6 13. Qe2 Bg6 14. Nf4 Bh7 15. O-O-O Be7 16. Nxe6 fxe6 17. Qxe6 Qd7 18. Qxd7+ Kxd7 19. Nxd5 Nxd5 20. Rxd5+ Kc8 21. Bxe7 Be4 22. Bxc6 Bxh1 23. Rg5 Bxc6 24. Rxg7 Kd7 25. f4 Rag8 26. Rxg8 Rxg8 27. Bg5 Bf3 28. f5 Bxg4 29.
f6 Ke6 30. Kd2 Rd8+ 31. Kc3 Rd5 32. b4 Bf5 33. Kb3 Bg6 34. c4 Rd3+ 35. Ka4 Rc3 36.
Kb5 Be8+ 37. c6 Bxc6+ 38. Kc5 Be8 39. b5 Ra3 40. Kb4 Rxa2 41. c5 Rb2+ 42. Kc4 Rxb5 43. h5 Rb1 44. h6 Rh1 45. Kd4 Kf5 46. f7 Bxf7 47. Be3 a6 48. c6 bxc6 49. Kc5 Bd5 50. Bd4 Rxh6 51. Bc3 Rh4 52. Ba5 Ra4 53. Kb6 Rxa5 54. Kxa5 c5 55. Ka4 Ke4 56. Ka3 Kd3 57. Kb2 c4 58. Kc1 0-1

[Event "Early-Titled-Tuesday-Blitz-May-07-2024"]
[Site "Chess.com"]
[Date "2024.05.07"]
[Round "1"]
[White "Juicy_Fork"]
[Black "Casablanca"]
[Result "0-1"]
[WhiteElo "2418"]
[BlackElo "2730"]
[TimeControl "180+1"]
[EndTime "8:08:01 PDT"]
[Termination "Casablanca won on time"]

1. e4 c5 2. Nf3 d6 3. d4 cxd4 4. Nxd4 Nf6 5. Nc3 g6 6. Be3 Bg7 7. f3 O-O 8. Qd2 Nc6 9. O-O-O d5 10. exd5 Nxd5 11. Nxc6 bxc6 12. Bd4 Bxd4 13. Qxd4 Qb6 14. Na4 Qc7 15. Bc4 Rd8 16. Nc5 Bf5 17. Bb3 Nf4 18. Qf2 Rxd1+ 19. Rxd1 Rd8 20. Re1 h5 21. g3 Nd5 22. a3 Qb6 23. Rd1 Rd6 24. Rf1 Nf6 25. Ne4 Bxe4 26. fxe4 e5 27. Qe1 Kg7 28. h3 Qd4 29. g4 hxg4 30. hxg4 Rd7 31. g5 Nxe4 32. Kb1 Nd2+ 33. Ka2 Nxf1 34. Qxf1 e4 35. Qh3 Kf8 36. Qh6+ Ke8 37. c3 Qe5 38. Qh7 Re7 39. Qg8+ Kd7 40. Qa8 Qc7 41. Qf8 Kd6 42. Qg7 c5 43. Qf6+ Kd7 44.
Ba4+ Kc8 45. Bb5 Kb8 46. Ba6 Rd7 47. Qh8+ Rd8 48. Qf6 Qd6 49. Qf1 e3 50. Bc4 Rd7 51.
Qh3 Re7 52. Qh8+ Kb7 53. Qh1+ Kc7 54. Qa8 Qb6 55. Qf8 Kd7 56. Bb3 e2 57. Ba4+ Kd6 0-1

[Event "Early-Titled-Tuesday-Blitz-May-07-2024"]
[Site "Chess.com"]
[Date "2024.05.07"]
[Round "1"]
[White "Njal28"]
[Black "LLariMarc"]
[Result "1-0"]
[WhiteElo "3124"]
[BlackElo "2540"]
[TimeControl "180+1"]
[EndTime "8:08:02 PDT"]
[Termination "Njal28 won by resignation"]

1. d4 d5 2. c4 e6 3. Nf3 a6 4. e3 Nf6 5. b3 b6 6. Nc3 Bb7 7. Bb2 Nbd7 8. Bd3 Bd6 9. O-O O-O 10. Qe2 Qe7 11. e4 dxe4 12. Nxe4 Nxe4 13. Bxe4 Bxe4 14. Qxe4 Nf6 15. Qh4 Rfe8 16. Rfe1 Nd7 17. Qe4 Nf6 18. Qc2 c6 19. Rad1 Rac8 20. h3 h6 21. Rd3 Nd7 22.
Qd2 Nf8 23. Ne5 Bxe5 24. dxe5 Red8 25. Rd6 Rxd6 26. exd6 Qd7 27. Re3 f6 28. Rg3 Kf7 29.
Qf4 Rd8 30. h4 Qxd6 31. Rxg7+ Ke8 32. Qxd6 Rxd6 33. Bxf6 Rd1+ 34. Kh2 Rd2 35. Re7+ Kd8 36. Rh7+ Ke8 37. Re7+ Kd8 38. Rb7+ Kc8 39. Rxb6 Rxf2 40. Bd4 Rxa2 41. Rxc6+ Kd7 42. Rb6 Ng6 43. Kg3 Ne7 44. Rb7+ Ke8 45. Bf6 Nf5+ 46. Kh3 Rd2 47. c5 Rd3+ 48.
Kh2 Rd2 49. b4 Rc2 50. Kh3 h5 51. Ra7 Ne3 52. Bg5 Nxg2 53. c6 Ne1 54. Re7+ Kf8 55. c7 Nf3 56. Rd7 Nxg5+ 57. hxg5 e5 58. Rd8+ Kf7 59.
c8=Q Rxc8 60. Rxc8 Kg6 61. Re8 e4 62. Rxe4 Kxg5 63. Rc4 1-0

[Event "Early-Titled-Tuesday-Blitz-May-07-2024"]
[Site "Chess.com"]
[Date "2024.05.07"]
[Round "1"]
[White "aljado"]
[Black "Ural_bogatyr"]
[Result "0-1"]
[WhiteElo "2177"]
[BlackElo "2574"]
[TimeControl "180+1"]
[EndTime "8:08:02 PDT"]
[Termination "Ural_bogatyr won on time"]

1. e4 e5 2. Nf3 Nc6 3. Bb5 a6 4. Ba4 Nf6 5. O-O Nxe4 6. d4 b5 7. Bb3 d5 8. dxe5 Be6 9. c3 Bc5 10. Nbd2 O-O 11. Qe2 Nxd2 12. Bxd2 Ne7 13. a4 c6 14. axb5 axb5 15. Rxa8 Qxa8 16. Bc2 Bf5 17. Bxf5 Nxf5 18. e6 fxe6 19. Qxe6+ Kh8 20. Ne5 Nd6 21. Nd7 Re8 22. Qg4 Qc8 23. Qh3 Ne4 24. Be1 Ba7 25.
Qg4 Qc7 26. Kh1 Rd8 27. f3 Nd6 28. Ne5 Re8 29. Qg5 Qe7 30. Qxe7 Rxe7 31. Nxc6 Rc7 32. Nxa7 Rxa7 33. b4 Ra2 34. g3 Kg8 35. Rf2 Ra1 36.
Re2 Kf7 37. Kg2 Nc4 38. Kf2 Rc1 39. f4 h5 40. Kf3 g6 41. h3 Nd6 42. g4 Ne4 43. gxh5 gxh5 44. Re3 Kf6 45. Bh4+ Ke6 46. Be1 Kf5 47. Ke2 Ra1 48. Rd3 Ke6 0-1

[Event "Early-Titled-Tuesday-Blitz-May-07-2024"]
[Site "Chess.com"]
[Date "2024.05.07"]
[Round "1"]
[White "patzer-reloaded"]
[Black "Mikhail_Bryakin"]
[Result "0-1"]
[WhiteElo "2493"]
[BlackElo "2883"]
[TimeControl "180+1"]
[EndTime "8:08:03 PDT"]
[Termination "Mikhail_Bryakin won by resignation"]

1. Nf3 Nf6 2. d3 g6 3. g3 Bg7 4. Bg2 O-O 5. O-O c5 6. c4 Nc6 7. Nc3 d6 8. Qd2 Rb8 9. b3 a6 10. Bb2 b5 11. e3 Qa5 12. Rfd1 Bb7 13. Nd5 Qxd2 14. Nxf6+ Bxf6 15. Rxd2 Bxb2 16. Rxb2 Rfc8 17. Rd1 Ba8 18. Rbd2 a5 19. cxb5 Rxb5 20. d4 Nb4 21. a3 Nd5 22. dxc5 Rbxc5 23. Nd4 Nc3 24. Re1 Be4 25.
b4 axb4 26. axb4 Rc4 27. b5 Kf8 28. Rb2 e5 29. Bxe4 Nxe4 30. Nc6 Nc3 31. Ra1 Rc5 32. Na7 Rb8 33. b6 Ke7 34. Kg2 e4 35. g4 Kd7 36.
Kg3 Nd5 37. Ra4 Rxb6 38. Rxb6 Nxb6 39. Rxe4 Ra5 40. Rf4 f5 41. gxf5 Rxa7 42. fxg6 Ke6 43. gxh7 Rxh7 44. h4 Nd5 45. Rg4 Nf6 46. Rg5 Ne4+ 47.
Kg4 Nxg5 48. hxg5 Kf7 49. f4 Rh1 50. f5 Re1 51. Kf4 Ra1 52. e4 Ra4 53. Ke3 Kg7 54. Kf4 d5 55. f6+ Kg6 56. Ke5 dxe4 57. Ke6 e3 58. f7 Rf4 0-1

[Event "Early-Titled-Tuesday-Blitz-May-07-2024"]
[Site "Chess.com"]
[Date "2024.05.07"]
[Round "1"]
[White "Kotlyar_K"]
[Black "Kushch_Nikolai"]
[Result "1/2-1/2"]
[WhiteElo "2693"]
[BlackElo "2410"]
[TimeControl "180+1"]
[EndTime "8:08:03 PDT"]
[Termination "Game drawn - insufficient material"]

1. d4 Nf6 2. c4 e6 3. Nc3 Bb4 4.
e3 c5 5. Ne2 cxd4 6. exd4 O-O 7.
a3 Be7 8. d5 exd5 9. cxd5 Bc5 10. Ng3 d6 11. Be2 a6 12. O-O Nbd7 13. Nge4 Qc7 14.
Bf4 Nxe4 15. Nxe4 Re8 16. Bd3 Ne5 17. Bc2 a5 18. Rc1 Qb6 19. Nxc5 dxc5 20. Re1 Qf6 21.
Qd2 Bd7 22. Bg5 Qd6 23. Rcd1 b5 24. Qf4 Ra6 25. Qh4 Ng6 26. Qg3 Qxg3 27. hxg3 f6 28.
Be3 Rc8 29. Bd2 Kf7 30. f4 Bg4 31. Rc1 a4 32. Bd3 c4 33. Be4 f5 34. Bf3 Bxf3 35. gxf3 Rd6 36. Bc3 Rcd8 37. Re2 Rxd5 38. Rce1 Rd1 39. Kf2 Rxe1 40. Rxe1 h5 41. Rh1 h4 42.
gxh4 Nxf4 43. h5 Rh8 44. Ke3 Rxh5 45. Rxh5 Nxh5 46. Kd4 Ke6 47. Kc5 g5 48. Kxb5 Kd5 49. Kxa4 g4 50. fxg4 fxg4 51. b3 cxb3 52. Kxb3 g3 53.
Be1 g2 54. Bf2 Nf4 55. a4 Nd3 56. Bg1 Ne1 57. a5 Kc6 58. Kc4 Nf3 59. Bf2 g1=Q 60. Bxg1 Nxg1 61. a6 Kb6 62. a7 Kxa7 1/2-1/2

[Event "Early-Titled-Tuesday-Blitz-May-07-2024"]
[Site "Chess.com"]
[Date "2024.05.07"]
[Round "1"]
[White "GMG"]
[Black "Kyrko_Gamba"]
[Result "1/2-1/2"]
[WhiteElo "2825"]
[BlackElo "2478"]
[TimeControl "180+1"]
[EndTime "8:08:04 PDT"]
[Termination "Game drawn - insufficient material"]

1. d4 Nf6 2. c4 e6 3. Nf3 d5 4.
Nc3 Bb4 5. Qa4+ Nc6 6. e3 O-O 7. Bd2 a6 8. Qc2 Re8 9. Rd1 h6 10.
a3 Bf8 11. Bc1 dxc4 12. Bxc4 b5 13. Ba2 Bb7 14. O-O Ne7 15. e4 Ng6 16. Rfe1 Qb8 17. d5 exd5 18. e5 Ng4 19. Nxd5 N4xe5 20. Nxe5 Nxe5 21.
Qf5 Bd6 22. Bxh6 Bxd5 23. Qg5 Bf8 24. Bxd5 c6 25. Ba2 Qc7 26. Qg3 Nf3+ 27. Qxf3 gxh6 28. Qg4+ Bg7 29. g3 Rxe1+ 30. Rxe1 Rd8 31. Re2 c5 32.
Qe4 c4 33. Bb1 Qd7 34. Re1 Kf8 35. Re2 Re8 36. Qc2 Rxe2 37. Qxe2 Qd4 38. Qf3 Bf6 39.
Bf5 Qxb2 40. Qa8+ Kg7 41. Qxa6 Qc1+ 42. Kg2 Qb2 43. Qb7 Bd4 44. Qf3 Qc3 45. Qxc3 Bxc3 46. Bd7 b4 47. axb4 Bxb4 48. Ba4 c3 49. Bc2 Ba3 50.
f4 Bc1 51. Kf3 Bd2 52. g4 f6 53. h4 Kf7 54. Ke4 Kg7 55. Kf5 Kf7 56. g5 fxg5 57.
hxg5 hxg5 58. fxg5 Bxg5 59. Kxg5 Ke7 60. Kf4 Kd6 61. Ke3 Kc5 62. Kd3 Kb4 63. Bd1 Ka3 64. Bc2 Kb2 65. Bd1 c2 66. Bxc2 1/2-1/2

[Event "Early-Titled-Tuesday-Blitz-May-07-2024"]
[Site "Chess.com"]
[Date "2024.05.07"]
[Round "1"]
[White "PositionalPanther"]
[Black "Hoshka"]
[Result "1-0"]
[WhiteElo "2559"]
[BlackElo "2055"]
[TimeControl "180+1"]
[EndTime "8:08:05 PDT"]
[Termination "PositionalPanther won on time"]

1. Nf3 Nf6 2. g3 d5 3. Bg2 e6 4. O-O Be7 5. c4 O-O 6. b3 c5 7. Bb2 Nc6 8. cxd5 Nxd5 9. Nc3 Bf6 10. Qc2 Ncb4 11. Qb1 Nxc3 12. dxc3 Nd5 13. Rd1 Qc7 14.
Qc2 Bd7 15. e4 Nb6 16. e5 Be7 17. c4 Bc6 18. h4 h6 19. Rd2 Rad8 20. Rad1 Rxd2 21.
Rxd2 Rd8 22. Bc3 Rxd2 23. Qxd2 Nd7 24. Qf4 b6 25. Nd2 Bxg2 26. Kxg2 Qc6+ 27. f3 Nf8 28. Ne4 Qd7 29. Qd2 Qxd2+ 30. Bxd2 Nd7 31. f4 h5 32. Kf3 Kf8 33. Nc3 a6 34. Nd1 Ke8 35. Ne3 g6 36. Nd1 Kd8 37. Ke4 Kc7 38. Be3 Kc6 39. Kd3 b5 40. cxb5+ axb5 41. a4 bxa4 42. bxa4 Nb6 43. Nc3 Nd5 44. Nb5 Nb6 45. Nc3 Nd5 46.
Ne4 Nb6 47. a5 Nd7 48. Kc4 Bd8 49. Bd2 Be7 50. Bc3 Nb8 51. Bd2 Na6 52. Be3 Bf8 53.
Ng5 Nc7 54. Nxf7 Nd5 55. Bd2 Be7 56. Nh8 1-0